 Dungeon Crawl Stone Soup version 0.31.0-1-g2c135a008e (webtiles) character file.

Game seed: 16144010683165896351

50 qw the Shooter (level 4, 0/35 HPs)
             Began as a Djinni Hunter on Jan 24, 2024.
             Slain by a goblin
             ... wielding a +2 dagger of freezing
             ... led by Robin
              (1 damage)
             ... on level 2 of the Dungeon.
             The game lasted 00:00:03 (979 turns).

qw the Shooter (Djinni Hunter)                       Turns: 979, Time: 00:00:04

Health: 0/35       AC:  3    Str: 10    XL:     4   Next: 4%
Gold:   34         EV: 12    Int: 10    God:
                   SH:  0    Dex: 19

rFire   + + .        a - +0 shortbow
rCold   x . .        (shield currently unavailable)
rNeg    . . .        b - +0 leather armour {Will+}
rPois   inf          (no helmet)
rElec   .            (no cloak)
rCorr   .            (no gloves)
SInv    .            (boots unavailable)
Will    +....        (no amulet)
Stlth   ++           (no ring)
HPRegen 0.25/turn    (no ring)
MPRegen 0.00/turn

%: infuse magic (-1 HP)
@: flying
A: sickness immunity, fire resistance 2, cold vulnerability 1, float, innate
caster, HP casting, extra vitality 1
a: no special abilities


You were on level 2 of the Dungeon.
You visited 1 branch of the dungeon, and saw 2 of its levels.

You collected 34 gold pieces.


Innate Abilities, Weirdness & Mutations

You are immune to sickness and miasma.
You are immune to poison.
Your flesh is very heat resistant. (rF++)
You are vulnerable to cold. (rC-)
You float through the air rather than walking.
You learn spells naturally, not from books.
Your magical power is your life essence.
You have superior vitality. (+4 MHP)


   Skills:
 - Level 3.0 Fighting
 - Level 4.0 Ranged Weapons
 + Level 2.1 Dodging
 - Level 0.7 Stealth


You knew the following spells:

 Your Spells              Type           Power      Damage    Failure   Level
a - Kiss of Death         Conj/Necr      0%         2d5       45%         1
Your spell library was empty.

Inventory:

Hand Weapons
 a - a +0 shortbow (weapon)
Armour
 b - a +0 leather armour of willpower (worn)
Scrolls
 d - a scroll of vulnerability {unknown}
Potions
 c - 2 potions of degeneration {unknown}
 e - a potion of haste {unknown}

Dungeon Overview and Level Annotations

Branches:
Dungeon (2/15)

Altars:

Annotations:
D:2 Robin


Message History

Enter note:
Enter note:
972 ||| RETREEEEATING.
Robin roars a battlecry!
The goblins go into a battle-frenzy!
You shoot an arrow. The arrow hits the hobgoblin!
You kill the hobgoblin!
Robin throws the goblin at you! The goblin hits you but does no damage.
You have reached level 4!
You feel agile.
You shoot an arrow.
The arrow hits the goblin but does no damage.
The goblin misses you. x2; Robin throws the goblin at you!
The goblin hits you but does no damage.
You shoot an arrow.
The arrow hits the goblin but does no damage.
The goblin closely misses you. The goblin hits you with a +0 club.
Robin roars a battlecry!
The goblin hits you with a +2 dagger of freezing.
The goblin freezes you.
You shoot an arrow. The arrow barely misses the goblin.
The goblin barely misses you. The goblin closely misses you.
A hobgoblin comes into view.
The goblin hits you with a +2 dagger of freezing!
The goblin freezes you.
You shoot an arrow. The arrow hits the goblin.
You kill the goblin!
The goblin hits you with a +0 dagger. The goblin closely misses you.
The goblin hits you with a +0 dagger.
Your Fighting skill increases to level 3!
You shoot an arrow.
The arrow hits the goblin but does no damage.
The goblin closely misses you. The goblin hits you with a +0 dagger.
The goblin barely misses you.
You shoot an arrow. The arrow hits the goblin.
You kill the goblin!
Robin roars a battlecry!
The hobgoblin goes into a battle-frenzy!
The goblin hits you with a +2 dagger of freezing.
The goblin freezes you.
You die...

...... ......## .# ...... #gg# .
...###.g.# ... #....g# .....##gg#
.......gg# .......#g#######
......##@#.....## ###
......()).......##...
........#...###............#
.......###.........<.....###
)......##..####..........#
.......... .............#
........# #.##....(....########
.....>.######..#........)........
......# #...#..#..........?......


You could see Robin, 2 hobgoblins and 2 goblins.

Vanquished Creatures
  An adder (D:2)
  A ribbon worm (D:2)
  2 endoplasms (D:1)
  5 goblins (D:2)
  7 hobgoblins
  5 kobolds
  4 quokkas (D:1)
  3 ball pythons
  3 bats (D:1)
  A frilled lizard (D:1)
  3 rats
35 creatures vanquished.

Notes
Turn   | Place    | Note
-------+----------+-------------------------------------------
     0 | D:1      | qw the Djinni Hunter began the quest for the Orb.
     0 | D:1      | Reached XP level 1. HP: 18/18 MP: 0/0
     0 | D:1      | 0 ||| qw: Version: 0.3-a-136-gdd3b4e8
     0 | D:1      | 0 ||| qw: Game counter: 1232
     0 | D:1      | 0 ||| qw: Melee chars always use a shield: true
     0 | D:1      | 0 ||| qw: God list: Okawaru
     0 | D:1      | 0 ||| qw: Allow faded altars: false
     0 | D:1      | 0 ||| qw: Do Orc after clearing Dungeon:15 true
     0 | D:1      | 0 ||| qw: Do second Lair branch before Depths: true
     0 | D:1      | 0 ||| qw: Lair rune preference: random
     0 | D:1      | 0 ||| qw: Goals: Normal
     0 | D:1      | 0 ||| PLANNING D:1-11
    83 | D:1      | You are sucked into a shaft and drop 1 floor!
    92 | D:2      | 92 ||| READING scroll labelled ITZOTZUERO.
    93 | D:2      | 93 ||| DROPPING scroll of butterflies.
   114 | D:2      | Reached XP level 2. HP: 13/23 MP: 0/0
   183 | D:1      | Reached XP level 3. HP: 20/28 MP: 0/0
   183 | D:1      | Learned a level 1 spell: Kiss of Death
   184 | D:1      | Reached skill level 4 in Ranged Weapons
   737 | D:1      | 737 ||| UPGRADING to +0 leather armour of willpower.
   747 | D:1      | 747 ||| DROPPING +0 leather armour.
   748 | D:1      | 748 ||| READING scroll labelled FOUKHL ONLIXUPN.
   849 | D:1      | 849 ||| READING scroll labelled VEEHOO MAMMI.
   963 | D:2      | Noticed Robin
   964 | D:2      | 964 ||| RETREEEEATING.
   967 | D:2      | 967 ||| RETREEEEATING.
   968 | D:2      | 968 ||| RETREEEEATING.
   972 | D:2      | 972 ||| RETREEEEATING.
   974 | D:2      | Reached XP level 4. HP: 25/34 MP: 0/0
   977 | D:2      | HP: 7/34 [goblin/+0 dagger[Robin] (3)]
   978 | D:2      | Reached skill level 3 in Fighting
   978 | D:2      | HP: 3/35 [goblin/+0 dagger[Robin] (1)]
   979 | D:2      | HP: 1/35 [goblin/+2 dagger of freezing[Robin] (3)]
   979 | D:2      | Slain by a goblin

Levels and vault maps discovered:
D:1:      minmay_arrival_hallway, layout_loops_ring, grunt_decor_junction
D:2:      layout_rooms, uniq_robin, uniq_sigmund

Skill      XL: |  1  2  3  4 |
---------------+-------------+-----
Ranged Weapons | 4 |  4.0
Fighting       | 3 |  3.0
Dodging        | |  2.1
Stealth        | |  0.7

Action                     |  1- 3 |  4- 6 || total
---------------------------+-------+-------++-------
   Fire: Shortbow          |    90 |     6 ||    96
    Use: Scroll            |     3 |       ||     3
 Armour: Leather armour    |    25 |     8 ||    33
  Dodge: Dodged            |    26 |     8 ||    34

Table legend:
 A = Non-vault XP
 B = Vault XP
 C = Vault XP percentage of total XP
 D = Non-vault monster count
 E = Vault monster count
 F = Vault count percentage of total count
                 A         B        C        D         E       F
            +---------+---------+-------+---------+---------+-------
      Total |      65 |       9 |  12.2 |      30 |       5 |  14.3
            +---------+---------+-------+---------+---------+-------
        D:1 |      35 |       0 |   0.0 |      21 |       0 |   0.0
        D:2 |      30 |       9 |  23.1 |       9 |       5 |  35.7
            +---------+---------+-------+---------+---------+-------
